 Dungeon Crawl Stone Soup version 0.31-a0-222-gefeffbb62a (webtiles) character file.

Game seed: 4594711633647401450

35 qw the Shooter (level 3, -1/29 HPs)
             Began as a Minotaur Hexslinger on July 4, 2023.
             Slain by a hobgoblin (4 damage)
             ... led by Robin
             ... on level 1 of the Dungeon.
             The game lasted 00:00:23 (920 turns).

qw the Shooter (Minotaur Hexslinger)                 Turns: 920, Time: 00:00:23

Health: -1/29      AC:  2    Str: 12    XL:     3   Next: 17%
Magic:  3/3        EV: 12    Int: 10    God:
Gold:   63         SH:  0    Dex: 14    Spells: 3/4 levels left

rFire   . . .        Y - +1 sling
rCold   . . .        (no shield)
rNeg    . . .        c - +0 robe
rPois   .            (helmet restricted)
rElec   .            (no cloak)
rCorr   .            (no gloves)
SInv    .            (no boots)
Will    .....        (no amulet)
Stlth   +            (no ring)
HPRegen 0.24/turn    (no ring)
MPRegen 0.08/turn

%: no passive effects
@: confused
A: horns 2, retaliatory headbutt
a: no special abilities


You were on level 1 of the Dungeon.
You visited 1 branch of the dungeon, and saw 2 of its levels.

You collected 63 gold pieces.


Innate Abilities, Weirdness & Mutations

You have a pair of horns on your head.
You reflexively headbutt those who attack you in melee.


   Skills:
 - Level 2.0 Fighting
 + Level 3.8 Ranged Weapons
 - Level 2.1 Dodging
 - Level 1.0 Spellcasting
 - Level 2.0 Hexes


You had 3 spell levels left.
You knew the following spells:

 Your Spells              Type           Power      Damage    Failure   Level
a - Slow                  Hex            16%        N/A       16%         1

Your spell library contained the following spells:

 Spells                   Type           Power      Damage    Failure   Level
 Inner Flame              Hex/Fire       2%         N/A       56%         3
 Portal Projectile        Hex/Tloc       4%         N/A       56%         3
 Cause Fear               Hex            2%         N/A       83%         4

Inventory:

Hand Weapons
 Y - a +1 sling (weapon)
Armour
 c - a +0 robe (worn)
Scrolls
 e - a scroll of identify
Potions
 f - a potion of cancellation {unknown}
 i - a potion of haste {unknown}
 j - a potion of enlightenment {unknown}

Dungeon Overview and Level Annotations

Branches:
Dungeon (2/15)

Altars:

Annotations:
D:2 Robin


Message History

Reactivating autopickup.
There is a stone staircase leading down here.
Enter note:
Enter note:
Enter note: You shoot a sling bullet.
The sling bullet hits the hobgoblin.
The hobgoblin is almost dead.
You hear some strange, mumbled words.
Deactivating autopickup; reactivate with Ctrl-A.
You are confused.
The hobgoblin hits you but does no damage.
The goblin hits you with a +0 club. The goblin closely misses you.
Autopickup is now on.
Something hits you but does no damage.
Deactivating autopickup; reactivate with Ctrl-A.
The hobgoblin hits you. The goblin hits you with a +0 club.
The goblin closely misses you.
Autopickup is now on.
Something hits you but does no damage.
Deactivating autopickup; reactivate with Ctrl-A.
The hobgoblin closely misses you. The goblin completely misses you.
The goblin hits you with a +0 dagger.
Autopickup is now on.
Something hits you.
Deactivating autopickup; reactivate with Ctrl-A.
The hobgoblin closely misses you. The goblin barely misses you.
The goblin misses you. Something hits you.
The hobgoblin hits you but does no damage.
The goblin hits you but does no damage. The goblin barely misses you.
You hear some strange, mumbled words.
A magic dart appears from out of thin air!
The magic dart hits you. The hobgoblin hits you.
The goblin barely misses you. x2
You feel less confused.
You hear some strange, mumbled words.
You are confused.
The hobgoblin closely misses you. The goblin completely misses you.
The goblin hits you with a +0 dagger. Something hits you.
The hobgoblin hits you.
You die...

#\.....##..##..# #.#..##.##..#.
##.....#.......#####.##.##.##..#.
##.............##.......##.##..#.
#....[.........#####.#.....##..#.
#\..............# #.#.)...##..#.
#.\###.\##\...\#####.#......#....
#### ######...###................
#.# #.....{g.............## #.#
#....g@..............#
##.######..g......#..######
#...#####............#
#.#..........)...###.#
#...#####....)...# #.#
#############.......# #.#
#..)........#.......# #.#
###.#########.#.#.##### #.#
#.........# #.#.#.# #.#


You could see a hobgoblin and 2 goblins.

Vanquished Creatures
  2 dart slugs (D:1)
  5 ball pythons (D:1)
  2 endoplasms (D:1)
  2 giant cockroaches (D:1)
  7 goblins
  3 hobgoblins (D:1)
  3 quokkas (D:1)
  A bat (D:1)
  2 kobolds (D:1)
  3 rats (D:1)
30 creatures vanquished.

Notes
Turn   | Place    | Note
-------+----------+-------------------------------------------
     0 | D:1      | qw the Minotaur Hexslinger began the quest for the Orb.
     0 | D:1      | Reached XP level 1. HP: 16/16 MP: 1/1
     0 | D:1      | 0 ||| qw: Version: 0.3-a-46-gb1f654a
     0 | D:1      | 0 ||| qw: Game counter: 950
     0 | D:1      | 0 ||| qw: Melee chars always use a shield: true
     0 | D:1      | 0 ||| qw: God list: Okawaru
     0 | D:1      | 0 ||| qw: Allow faded altars: false
     0 | D:1      | 0 ||| qw: Do Orc after clearing Dungeon:15 true
     0 | D:1      | 0 ||| qw: Do second Lair branch before Depths: true
     0 | D:1      | 0 ||| qw: Lair rune preference: random
     0 | D:1      | 0 ||| qw: Goals: Normal
     0 | D:1      | 0 ||| PLANNING D:1-11
    47 | D:1      | Reached skill level 3 in Ranged Weapons
    47 | D:1      | Reached XP level 2. HP: 23/23 MP: 2/2
   529 | D:1      | Reached XP level 3. HP: 29/29 MP: 3/3
   825 | D:1      | 825 ||| READING scroll labelled NACSEI CAMAWK.
   826 | D:1      | 826 ||| READING 2 scrolls labelled LYAHOFO LINISO.
   827 | D:1      | 827 ||| READING scroll labelled ATIAC GEIHAL.
   831 | D:1      | 831 ||| READING scroll labelled AMUPTE XEPOUCK.
   885 | D:1      | 885 ||| DROPPING scroll of poison.
   907 | D:2      | Noticed Robin
   911 | D:2      | 911 ||| STAIRDANCE
   918 | D:1      | HP: 4/29 [hobgoblin[Robin] (5)]
   920 | D:1      | Slain by a hobgoblin

Levels and vault maps discovered:
D:1:      amcnicky_arrival_abandoned_market, layout_loops_ring
D:2:      layout_basic, uniq_terence, uniq_jessica, uniq_robin

Skill      XL: |  1  2 |
---------------+-------+-----
Ranged Weapons | 3 |  3.8
Fighting       | 2 |  2.0
Dodging        | |  2.1
Spellcasting   | |  1.0
Hexes          | |  2.0

Action                     || total
---------------------------++-------
   Fire: Sling             ||    91
    Use: Scroll            ||     4
 Armour: Robe              ||    19
  Dodge: Dodged            ||    37

Table legend:
 A = Non-vault XP
 B = Vault XP
 C = Vault XP percentage of total XP
 D = Non-vault monster count
 E = Vault monster count
 F = Vault count percentage of total count
                 A         B        C        D         E       F
            +---------+---------+-------+---------+---------+-------
      Total |      50 |       1 |   2.0 |      29 |       1 |   3.3
            +---------+---------+-------+---------+---------+-------
        D:1 |      50 |       0 |   0.0 |      29 |       0 |   0.0
        D:2 |       0 |       1 | 100.0 |       0 |       1 | 100.0
            +---------+---------+-------+---------+---------+-------
